 Dungeon Crawl Stone Soup version 0.21-a0-426-g98080a9 (webtiles) character file.

109 mastercheaf21 the Sneak (level 4, -5/28 HPs)
             Began as an Octopode Transmuter on Nov 7, 2017.
             Killed by nerve-wracking pain
             ... invoked by Grinder
              (14 damage)
             ... on level 4 of the Dungeon.
             The game lasted 00:10:29 (3401 turns).

mastercheaf21 the Sneak (Octopode Transmuter)       Turns: 3401, Time: 00:10:30

Health: -5/28      AC:  1    Str: 10    XL:     4   Next: 90%
Magic:  7/7        EV: 13    Int: 15    God:
Gold:   248        SH:  0    Dex: 12    Spells: 6/7 levels left

rFire    . . .     SeeInvis .     - Unarmed
rCold    . . .     Gourm    .   (no shield)
rNeg     . . .     Faith    .   (helmet restricted)
rPois    .         Spirit   .   (no amulet)
rElec    .         Reflect  .   (no ring)
rCorr    .         Harm     .   (no ring)
MR       .....                  (no ring)
Stlth    ++++......             (no ring)
HPRegen  0.09/turn              (no ring)
MPRegen  0.10/turn              (no ring)
                                (no ring)
                                (no ring)

@: no status effects
A: almost no armour, stealthy swim, amphibious, 8 rings, constrict 8, camouflage
1, gelatinous body 1
a: no special abilities


You were on level 4 of the Dungeon.
You were not hungry.

You visited 1 branch of the dungeon, and saw 4 of its levels.

You collected 248 gold pieces.

Inventory:

Hand Weapons
 h - a cursed -2 dagger
Missiles
 a - 12 arrows
Wands
 w - a wand of iceblast (2/15)
Scrolls
 e - a scroll of teleportation {unknown}
 j - 3 scrolls of remove curse {unknown}
 k - a scroll of identify {unknown}
 r - a scroll of recharging {unknown}
 t - a scroll of amnesia {unknown}
 u - a scroll of fog {unknown}
 v - a scroll of fear {unknown}
Potions
 d - a potion of ambrosia {unknown}
 f - a potion of cancellation {unknown}
 g - 2 potions of resistance {unknown}
 i - a potion of haste {unknown}
 l - a potion of agility {unknown}
 n - a potion of curing {unknown}
 o - a potion of lignification {unknown}
 p - 2 potions of degeneration {unknown}
 x - a potion of brilliance {unknown}
Books
 b - a book of Changes

   Spells                             Type                      Level
   a - Beastly Appendage              Transmutation                1
   b - Sticks to Snakes               Transmutation                2
   c - Spider Form                    Transmutation/Poison         3
   d - Ice Form                       Ice/Transmutation            4
   e - Blade Hands                    Transmutation                5
Comestibles
 c - 4 bread rations
 m - 5 meat rations
 q - 3 fruits
 s - 2 royal jellies


   Skills:
 - Level 1.0 Fighting
 - Level 2.0 Dodging
 - Level 5.0 Stealth
 + Level 4.0 Unarmed Combat
 - Level 2.0 Spellcasting
 - Level 2.0 Transmutations


You had 6 spell levels left.
You knew the following spells:

 Your Spells              Type           Power        Failure   Level  Hunger
a - Beastly Appendage     Tmut           #.....       10%         1    #......


Dungeon Overview and Level Annotations

Branches:
Dungeon (4/15)
 Temple: D:4-7

Altars:
Gozag
Hepliaklqana

Annotations:
D:4 Grinder


Innate Abilities, Weirdness & Mutations

You cannot wear most types of armour.
You are very stealthy in the water. (Stealth+)
You are amphibious.
You can wear up to eight rings at the same time.
You can use your tentacles to constrict eight enemies at once.
Your skin changes colour to match your surroundings (Stealth+).
Your rubbery body absorbs attacks. (AC +1, EV +1)


Message History

You tentacle-slap Grinder. You squeeze Grinder.
Grinder is heavily wounded.
You constrict Grinder. Grinder hits you.
You tentacle-slap Grinder.
Grinder is severely wounded.
You constrict Grinder. Grinder barely misses you.
You tentacle-slap Grinder.
Grinder is severely wounded.
You constrict Grinder. Grinder hits you!
You writhe in agony.
You tentacle-slap Grinder.
Grinder is almost dead.
You constrict Grinder. Grinder barely misses you.
You tentacle-slap Grinder but do no damage.
Grinder is almost dead.
You constrict Grinder.
Grinder blinks free!
Grinder blinks!
Grinder gestures at you. Pain shoots through your body!
Ouch! That really hurt!
You die...

...[ .. #......... #.#
.........## #.####
#.......... ..#..#
##.....#...### #.#..#
#....5.......####....#
#......# #.....##.....
#......# ###.#.....# #
#....@.#####..##...###
#.........$.†..##.....
#....§.#####.......##.
#......# ##......##.
######.#######........
#.##............#
#.##.......<.##.#
#.##.............
#.##........##...


You could see Grinder.

Vanquished Creatures
  A hound skeleton (D:4)
  An adder (D:2)
  2 oozes
  A worm (D:3)
  4 dart slugs
  3 leopard geckos
  5 giant cockroaches
  6 goblins
  12 hobgoblins
  A quokka (D:3)
  2 ball pythons (D:3)
  8 bats
  5 frilled lizards
  7 kobolds
  6 rats
64 creatures vanquished.

Notes
Turn   | Place    | Note
-------+----------+-------------------------------------------
     0 | D:1      | mastercheaf21 the Octopode Transmuter began the quest for the Orb.
     0 | D:1      | Reached XP level 1. HP: 13/13 MP: 3/3
    58 | D:1      | Reached skill level 1 in Stealth
   264 | D:1      | Reached skill level 2 in Stealth
   264 | D:1      | Reached XP level 2. HP: 13/18 MP: 5/5
   606 | D:1      | Reached skill level 3 in Stealth
   954 | D:1      | Reached XP level 3. HP: 23/23 MP: 6/6
  1269 | D:2      | Reached skill level 4 in Stealth
  2168 | D:2      | Reached skill level 5 in Stealth
  2168 | D:2      | Reached XP level 4. HP: 21/28 MP: 7/7
  2425 | D:3      | Found an opulent altar of Gozag.
  2653 | D:3      | Found a hazy altar of Hepliaklqana.
  3367 | D:4      | Noticed a phantom
  3383 | D:4      | Noticed Grinder
  3401 | D:4      | Killed from afar by Grinder

Vault maps used:
D:1:      matt_arrival_los_fun
D:2:      first_bread
D:3:      nicolae_overflow_crystal_walls,
          nicolae_gozag_cash_rules_everything_around_me
D:4:      uniq_grinder, uniq_crazy_yiuf_cottage

Skill      XL: |  1  2  3  4 |
---------------+-------------+-----
Stealth        | 2 3 5 |  5.0
Unarmed Combat | 4 |  4.0
Fighting       | |  1.0
Dodging        | |  2.0
Spellcasting   | |  2.0
Transmutations | |  2.0

Action                   |  1- 3 |  4- 6 || total
-------------------------+-------+-------++-------
Melee: Unarmed           |    87 |    85 ||   172
       Constrict         |    19 |    19 ||    38
       Tentacles         |     7 |    10 ||    17
       Punch             |     4 |       ||     4
 Stab: Sleeping          |    12 |     6 ||    18
  Eat: Chunk             |     3 |       ||     3
       Bread ration      |       |     1 ||     1
Armor: Skin              |    11 |     5 ||    16
Dodge: Dodged            |    45 |    52 ||    97

Table legend:
 A = Spawn XP
 B = Non-spawn XP
 C = Spawn XP percentage of total XP
 D = Spawn monster count
 E = Non-spawn monster count
 F = Spawn count percentage of total count
 G = Total turns spent on level
                    A         B        C        D         E        F      G
               +---------+---------+-------+---------+---------+-------+---------
         Total |       0 |     157 |   0.0 |       0 |      64 |   0.0 |  3401
               +---------+---------+-------+---------+---------+-------+---------
           D:1 |       0 |      41 |   0.0 |       0 |      23 |   0.0 |  1200
           D:2 |       0 |      42 |   0.0 |       0 |      15 |   0.0 |  1192
           D:3 |       0 |      50 |   0.0 |       0 |      23 |   0.0 |   917
           D:4 |       0 |      24 |   0.0 |       0 |       3 |   0.0 |    92
               +---------+---------+-------+---------+---------+-------+---------
